 Dungeon Crawl Stone Soup version 0.28-a0-664-gc179e30c89 (webtiles) character file.

Game seed: 11057139909219520369

2896 HoaS the Cruncher (level 9, 0/48 HPs)
             Began as a Gargoyle Gladiator on Oct 10, 2021.
             Was an Elder of Okawaru.
             Slain by a five-headed hydra (7 damage)
             ... on level 7 of the Dungeon on Oct 16, 2021.
             The game lasted 00:17:40 (6829 turns).

HoaS the Cruncher (Gargoyle Gladiator)              Turns: 6829, Time: 00:17:41

Health: 0/48       AC: 26    Str: 28    XL:     9   Next: 77%
Magic:  0/11       EV:  7    Int:  8    God:    Okawaru [****..]
Gold:   428        SH:  0    Dex: 11    Spells: 8/8 levels left

rFire   . . .      SeeInvis .   w - +0 quarterstaff (spect)
rCold   . . .      Faith    .   (shield currently unavailable)
rNeg    + . .      Spirit   +   j - +0 crystal plate armour
rPois   ∞          Reflect  .   c - +0 helmet
rElec   +          Harm     .   k - +0 cloak
rCorr   +          Rampage  .   (no gloves)
Will    .....                   (no boots)
Stlth   ..........              m - amulet of guardian spirit
HPRegen 0.16/turn               h - ring of resist corrosion
MPRegen 0.12/turn               p - +6 ring of strength

@: heroic
A: sickness immunity, AC +6, negative energy resistance 1, electricity
resistance, torment resistance 1, petrification resistance
a: Renounce Religion, Heroism, Finesse


You were on level 7 of the Dungeon.
You worshipped Okawaru.
Okawaru was greatly pleased with you.
You visited 2 branches of the dungeon, and saw 8 of its levels.

You collected 428 gold pieces.

Inventory:

Hand Weapons
 q - a +0 shortbow
 w - a +0 spectral quarterstaff (weapon)
Missiles
 b - 82 arrows
 i - 7 boomerangs (quivered)
 l - 64 bolts
 u - 34 poisoned darts
Armour
 c - a +0 helmet (worn)
 j - a +0 crystal plate armour (worn)
 k - a +0 cloak (worn)
Jewellery
 h - a ring of resist corrosion (left hand)
 m - an amulet of guardian spirit (around neck)
 p - a +6 ring of strength (right hand)
Wands
 v - a wand of paralysis (7)
Scrolls
 a - a scroll of magic mapping
 r - a scroll of teleportation
 t - a scroll of identify
Potions
 e - a potion of heal wounds {unknown}
 f - 2 potions of mutation
 g - a potion of attraction {unknown}
 n - a potion of invisibility {unknown}
 o - 2 potions of curing {unknown}
 s - a potion of brilliance {unknown}


   Skills:
 - Level 2.1(7.1) Fighting
 * Level 12.9(17.9) Staves
 - Level 2.0(7.0) Bows
 - Level 1.7(6.7) Throwing
 - Level 2.4(7.4) Dodging
 - Level 3.0 Invocations


You had 8 spell levels left.
You didn't know any spells.
Your spell library contained the following spells:

 Spells                   Type           Power      Damage    Failure   Level
 Corpse Rot               Necr/Air       N/A        N/A       100%        2
 Poisonous Vapours        Pois/Air       0%         N/A       100%        2
 Static Discharge         Conj/Air       0%         N/A       100%        2
 Conjure Flame            Conj/Fire      0%         6-21      100%        3
 Frozen Ramparts          Ice            0%         1d2       100%        3
 Ignite Poison            Fire/Tmut/Pois 0%         N/A       100%        3
 Dispel Undead            Necr           0%         3d6       100%        4
 Ice Form                 Ice/Tmut       0%         N/A       100%        4
 Sticky Flame             Conj/Fire      0%         2d3       100%        4
 Blade Hands              Tmut           0%         N/A       100%        5
 Iron Shot                Conj/Erth      0%         9d1       100%        6
 Animate Armour           Summ/Erth      Unusable   N/A       N/A         4
 Summon Ice Beast         Ice/Summ       Unusable   N/A       N/A         4

Dungeon Overview and Level Annotations

Branches:
Dungeon (7/15)             Temple (1/1) D:4

Altars:
Ashenzari
Cheibriados
Dithmenos
Elyvilon
Fedhas
Gozag
Hepliaklqana
Kikubaaqudgha
Makhleb
Nemelex Xobeh
Okawaru
Qazlal
Ru
Sif Muna
Trog
Uskayaw
Vehumet
Wu Jian
Xom
Yredelemnul
Zin
The Shining One


Innate Abilities, Weirdness & Mutations

You are immune to sickness and miasma.
Your stone body is resilient. (AC +6)
You are immune to poison.
You resist negative energy. (rN+)
You are resistant to electric shocks. (rElec)
You are resistant to unholy torment.
You are immune to petrification.


Message History

You closely miss the yak.
The yak is almost dead.
The yak gores you but does no damage.
You hit the yak.
The yak is almost dead.
You throw a throwing net.
The throwing net hits the five-headed hydra.
The five-headed hydra is too large for the net to hold!
You gain the combat prowess of a mighty hero.
The five-headed hydra bites you but does no damage.
The five-headed hydra bites you.
The five-headed hydra barely misses you.
The five-headed hydra bites you but does no damage.
The five-headed hydra bites you.
You fail to use your ability.
The five-headed hydra bites you but does no damage.
The five-headed hydra bites you.
The five-headed hydra bites you but does no damage. x2
The five-headed hydra bites you!
You bludgeon the five-headed hydra!!
The five-headed hydra is moderately wounded.
You barely miss the five-headed hydra.
The five-headed hydra is moderately wounded.
The five-headed hydra bites you.
The five-headed hydra bites you but does no damage.
The five-headed hydra barely misses you.
The five-headed hydra bites you but does no damage. x2
You bludgeon the five-headed hydra!!
The five-headed hydra is heavily wounded.
You barely miss the five-headed hydra.
The five-headed hydra is heavily wounded.
The five-headed hydra bites you but does no damage. x2
The five-headed hydra bites you.
The five-headed hydra bites you but does no damage.
The five-headed hydra bites you!
* * * LOW HITPOINT WARNING * * *
You sock the five-headed hydra!
The five-headed hydra is severely wounded.
The five-headed hydra bites you!
You die...

####...###.####.#!?#.# #.# #.#
.....#...#.# #.#D)### #.# #.#
#.)....###.#
#.###..####.###.### #.###.##
#.####.# ##.......... #)###.#
##..#.## ##.#.#...### ......#
#..#.# #........#
.8.§..######†#.# .##.#.#.#.#
...≈..#.'....#.####..#......#.#
≈.≈≈....#.88.##.@DY# #........#
≈.§≈..###.88.####### ##########
§§§≈.§# #....# ≈_≈≈.## ######
≈≈§≈.# ≈≈≈..# .... ###


You could see a five-headed hydra and a yak.

Vanquished Creatures
  Pikel (D:5)
  A shadow (D:7)
  Menkaure (D:5)
  A water moccasin (D:6)
  An ice beast (D:6)
  4 sky beasts
  An orc warrior (D:7)
  An ogre (D:5)
  2 centaurs
  2 phantoms
  3 lemures (D:5)
  4 bullfrogs (D:7)
  A gnoll sergeant (D:6)
  A scorpion (D:5)
  An electric eel (D:6)
  A centaur zombie (D:7)
  A jelly (D:7)
  3 hounds
  An orc priest (D:5)
  A gnoll shaman (D:6)
  2 iguanas
  3 orc wizards
  2 killer bee zombies
  A hound skeleton (D:4)
  A howler monkey skeleton (D:6)
  5 adders
  12 gnolls
  3 white imps
  An ufetubus (D:5)
  An adder skeleton (D:4)
  2 worms
  4 dart slugs
  11 orcs
  4 ball pythons
  8 endoplasms
  2 giant cockroaches
  7 goblins
  5 hobgoblins
  5 jackals (D:1)
  6 quokkas
  5 bats
  4 frilled lizards (D:2)
  5 kobolds
  A quokka skeleton (D:4)
  5 rats
137 creatures vanquished.

Vanquished Creatures (others)
  An orc (D:6)
  3 plants (D:2)
  A withered plant (D:2)
5 creatures vanquished.

Grand Total: 142 creatures vanquished

Notes
Turn   | Place    | Note
-------+----------+-------------------------------------------
     0 | D:1      | HoaS the Gargoyle Gladiator began the quest for the Orb.
     0 | D:1      | Reached XP level 1. HP: 12/12 MP: 1/1
   129 | D:1      | Reached XP level 2. HP: 15/17 MP: 2/2
   500 | D:1      | Reached skill level 4 in Staves
   519 | D:1      | Reached XP level 3. HP: 15/21 MP: 3/3
  1041 | D:2      | Upgraded the game from 0.28-a0-643-g84cb2ea78e to
                  | 0.28-a0-662-g1651b1f1e0
  1446 | D:2      | Found a faded altar of an unknown god.
  1663 | D:2      | Reached XP level 4. HP: 26/26 MP: 4/4
  1786 | D:2      | Upgraded the game from 0.28-a0-662-g1651b1f1e0 to
                  | 0.28-a0-664-gc179e30c89
  1916 | D:3      | Reached skill level 5 in Staves
  2900 | D:4      | Found a staircase to the Ecumenical Temple.
  2904 | Temple   | Entered the Ecumenical Temple
  3135 | Temple   | Became a worshipper of Warmaster Okawaru
  3320 | D:4      | Reached XP level 5. HP: 30/30 MP: 5/5
  3547 | D:5      | Entered Level 5 of the Dungeon
  3582 | D:5      | Reached skill level 1 in Bows
  3582 | D:5      | Reached skill level 1 in Invocations
  3678 | D:5      | Noticed Menkaure
  3685 | D:5      | Killed Menkaure
  3685 | D:5      | Reached * piety under Okawaru
  3686 | D:5      | Reached skill level 6 in Staves
  3686 | D:5      | Reached XP level 6. HP: 11/35 MP: 2/7
  4021 | D:5      | Reached XP level 7. HP: 40/40 MP: 7/9
  4081 | D:5      | Reached skill level 7 in Staves
  4128 | D:4      | Reached ** piety under Okawaru
  4553 | D:5      | Reached skill level 8 in Staves
  4693 | D:6      | Noticed Pikel
  4729 | D:5      | Reached XP level 8. HP: 41/44 MP: 10/10
  4892 | D:5      | Killed Pikel
  4892 | D:5      | Reached *** piety under Okawaru
  4893 | D:5      | Reached skill level 10 in Staves
  5315 | D:6      | Identified the +10 whip of the Valley {venom, rPois rF-
                  | rN++ Stlth-}
  5359 | D:6      | Reached XP level 9. HP: 27/48 MP: 6/11
  5585 | D:6      | Reached skill level 11 in Staves
  6269 | D:7      | Reached **** piety under Okawaru
  6557 | D:7      | Reached skill level 12 in Staves
  6752 | D:7      | Found a radiant altar of Vehumet.
  6792 | D:7      | Noticed a five-headed hydra
  6829 | D:7      | Slain by a five-headed hydra

Illustrated notes

Levels and vault maps discovered:
D:1:      eino_arrival_water_cross, layout_loops_ring, minmay_nonomino_d4
D:2:      layout_basic, shapermc_ecumenical_altar_flowoftime
D:3:      layout_loops_corners, kennysheep_generic_room_4
D:4:      layout_rooms, minmay_temple_entry_statues_pillars
D:5:      layout_loops_ring, kennysheep_generic_room_15, uniq_menkaure
D:6:      layout_cave_pods, serial_bayou_pond_b, uniq_pikel
D:7:      minmay_chambers_of_fours, layout_loops_ring,
          mainiacjoe_overflow_catwalk, biasface_ghost_orc_armoury,
          chequers_serial_rivers_large_a
Temple:   kilobyte_greek_temple

Skill      XL: |  1  2  3  4  5  6  7  8  9 |
---------------+----------------------------+-----
Staves         | 4 5 6 8 10 12 | 12.9
Bows           | 2 |  2.0
Invocations    | 2 3 |  3.0
Fighting       | |  2.1
Throwing       | |  1.7
Dodging        | |  2.4

Action                   |  1- 3 |  4- 6 |  7- 9 || total
-------------------------+-------+-------+-------++-------
Melee: Quarterstaff      |   141 |   103 |   238 ||   482
 Fire: Shortbow          |       |       |     3 ||     3
Throw: Throwing net      |       |     1 |     3 ||     4
       Boomerang         |       |       |     1 ||     1
Invok: Heroism           |       |       |     1 ||     1
  Use: Scroll            |     1 |     6 |     4 ||    11
 Stab: Held in net/web   |       |       |     1 ||     1
       Distracted        |       |       |     1 ||     1
Armor: Leather armour    |    20 |       |       ||    20
       Scale mail        |    16 |       |       ||    16
       Crystal plate arm |       |   107 |   169 ||   276
Dodge: Dodged            |    63 |    20 |    42 ||   125

Table legend: (Time is in decaauts)
 A = Elapsed time spent in this place.
 B = Non-inter-level travel time spent in this place.
 C = Inter-level travel time spent in this place.
 D = Time resting spent in this place.
 E = Time spent auto-exploring this place.
 F = Levels seen in this place.
 G = Mean time per level.
                   A        B        C        D        E       F      G
               +--------+--------+--------+--------+--------+-----+--------+
         Total |   6812 |   6316 |    496 |   1366 |   3700 |   8 |  851.5 |
       Dungeon |   6539 |   6112 |    427 |   1366 |   3502 |   7 |  934.1 |
        Temple |    273 |    204 |     69 |      0 |    198 |   1 |  273.0 |
               +--------+--------+--------+--------+--------+-----+--------+

Top non-repeatable levels by time:
     D:5: 1302 daAuts
     D:6: 1134 daAuts
     D:3: 1045 daAuts
     D:2: 997 daAuts
     D:1: 861 daAuts
     D:7: 708 daAuts
     D:4: 489 daAuts
  Temple: 273 daAuts
